[Event "Titled Tuesday Blitz July 20 2021"]
[White "Bethke, Richard"]
[Black "GrafLermontov"]
[WhiteFideId "12959243"]
[WhiteElo "2386"]
[BlackElo "2543"]
[Result "0-1"]
[Round "03"]
[TimeControl "180+1"]
[Date "2021.07.21"]
[WhiteClock "0:00:02"]
[BlackClock "0:00:11"]

1. e4 c5 2. Nf3 e6 3. d4 cxd4 4. Nxd4 Nc6 5. Nc3 Qc7 6. Qd3 a6 7. Nxc6 bxc6 8. Qg3 Qxg3 9. hxg3 d5 10. Bd3 h6 11. Bd2 Nf6 12. O-O-O Rb8 13. f3 Bd6 14. g4 Nd7 15. g5 h5 16. g6 f6 17. exd5 cxd5 18. Rhe1 Ne5 19. Bf1 Kd7 20. Bf4 Nxg6 21. Bxd6 Kxd6 22. Rd4 f5 23. Red1 Ne7 24. f4 Rb6 25. Na4 Rc6 26. c4 Bd7 27. Kb1 Rb8 28. Nc3 Kc7 29. cxd5 Nxd5 30. Nxd5+ exd5 31. Rxd5 Be6 32. Re5 Rb4 33. g3 h4 34. Bg2 Rd6 35. Rc5+ Kd7 36. Rxd6+ Kxd6 37. Rc6+ Ke7 38. gxh4 Rxf4 39. h5 Rf2 40. Rc2 Bxa2+ 41. Kc1 Rxc2+ 42. Kxc2 Bc4 43. Kc3 Bb5 44. Kd4 Kf6 45. Bf3 Kg5 46. Ke5 Bc4 47. b4 f4 48. Bd1 Bb5 49. Bf3 Be8 50. Be2 Bb5 51. Bf3 Bd7 52. Be2 Bc8 53. Ke4 Bb7+ 54. Ke5 f3 55. Bf1 Kg4 56. Ke6 Kxh5 57. Kf7 g5 58. Kf6 g4 59. Kf5 g3 0-1


[Site "https://www.chess.com"]

[Event "Titled Tuesday Blitz July 20 2021"]
[White "Borsuk, Konstantin"]
[Black "Derraugh, Geordie"]
[WhiteFideId "14113406"]
[BlackFideId "2603950"]
[WhiteElo "2363"]
[BlackElo "2132"]
[Result "1-0"]
[Round "03"]
[TimeControl "180+1"]
[Date "2021.07.21"]
[WhiteClock "0:00:29"]
[BlackClock "0:00:01"]

1. d4 Nf6 2. c4 e6 3. Nf3 Bb4+ 4. Nbd2 O-O 5. g3 Re8 6. Bg2 d5 7. O-O b6 8. a3 Bf8 9. b4 Bb7 10. Ne5 Nbd7 11. Bb2 c5 12. dxc5 bxc5 13. Nxd7 Nxd7 14. b5 Qc7 15. a4 d4 16. e4 dxe3 17. fxe3 Bxg2 18. Kxg2 Rad8 19. Nf3 Nf6 20. Qc2 Ng4 21. Rae1 f5 22. h3 Nh6 23. Qc3 Rd7 24. Ne5 Rd6 25. e4 Red8 26. Rf2 Rd4 27. Nc6 Rd3 28. Qe5 Qxe5 29. Bxe5 R8d7 30. a5 fxe4 31. Rxe4 Nf5 32. a6 Rd2 33. Ree2 Rxe2 34. Rxe2 Bd6 35. g4 Bxe5 36. Nxe5 Nd4 37. Nxd7 Nxe2 38. b6 axb6 39. a7 1-0


[Site "https://www.chess.com"]

[Event "Titled Tuesday Blitz July 20 2021"]
[White "Bortnyk, Olexandr"]
[Black "Gusarov, Grigory"]
[WhiteFideId "14120828"]
[BlackFideId "24102172"]
[WhiteElo "2723"]
[BlackElo "2269"]
[Result "1-0"]
[Round "03"]
[TimeControl "180+1"]
[Date "2021.07.20"]
[WhiteClock "0:01:44"]
[BlackClock "0:01:42"]

1. e4 c6 2. c4 d5 3. cxd5 cxd5 4. exd5 Nf6 5. Qa4+ Nbd7 6. Nc3 g6 7. Bc4 Bg7 8. d3 O-O 9. Nf3 a6 10. Qa3 Rb8 11. Bf4 Ra8 12. O-O Nb6 13. Qb3 Bg4 14. Ne5 Bf5 15. Rfe1 Rc8 16. a4 Nfd7 17. Nxd7 Bxd7 18. a5 Nxc4 19. dxc4 Bf5 20. Qxb7 Rxc4 21. Be5 Bc8 22. Qb3 Rc5 23. Bxg7 Kxg7 24. Qb4 Qc7 25. h3 Re8 26. d6 Qc6 27. Rxe7 Rd8 28. Rc7 1-0


[Site "https://www.chess.com"]

[Event "Titled Tuesday Blitz July 20 2021"]
[White "Buscar, Michael"]
[Black "Gurvich, Vitaly"]
[WhiteFideId "2603616"]
[BlackFideId "24164852"]
[WhiteElo "2010"]
[BlackElo "2252"]
[Result "0-1"]
[Round "03"]
[TimeControl "180+1"]
[Date "2021.07.21"]
[WhiteClock "0:00:23"]
[BlackClock "0:02:06"]

1. d4 Nf6 2. Nf3 e6 3. g3 d5 4. Bg2 Nbd7 5. c4 dxc4 6. Na3 Nb6 7. Ne5 Bb4+ 8. Bd2 Bxa3 9. bxa3 Qxd4 10. Nf3 Qd6 11. Qc2 Qxa3 12. h4 h6 13. O-O Bd7 14. Ne5 Ba4 15. Qb1 Qc5 16. Bxb7 Rb8 17. Nxf7 Kxf7 18. Bb4 Qf5 19. e4 Qh3 20. e5 Ng4 0-1


[Site "https://www.chess.com"]

[Event "Titled Tuesday Blitz July 20 2021"]
[White "Chiu, Isaac"]
[Black "Liu, Manli"]
[WhiteFideId "30900654"]
[BlackFideId "8608121"]
[WhiteElo "2117"]
[BlackElo "2061"]
[Result "1-0"]
[Round "03"]
[TimeControl "180+1"]
[Date "2021.07.21"]
[WhiteClock "0:00:02"]
[BlackClock "0:00:01"]

1. e4 e6 2. Nc3 d5 3. Nf3 dxe4 4. Nxe4 Nd7 5. d4 Ngf6 6. Nxf6+ Nxf6 7. Bd3 c5 8. dxc5 Bxc5 9. Qe2 O-O 10. Bg5 Qa5+ 11. c3 Be7 12. O-O Rd8 13. Bc2 Bd7 14. Ne5 Be8 15. a4 Rd5 16. Rfe1 Rad8 17. Bf4 Qc5 18. g4 Nd7 19. Nf3 Nf6 20. g5 Nh5 21. Qe4 g6 22. Be3 Qc7 23. h4 Bc6 24. Qg4 b6 25. a5 b5 26. Rad1 Rxd1 27. Rxd1 Qb7 28. Rxd8+ Bxd8 29. Ne5 Bd5 30. Bd4 Bxa5 31. b4 Bb6 32. Kf1 Ng7 33. Bxb6 Qxb6 34. Qf4 Nf5 35. Nd7 Qb7 36. Nf6+ Kg7 37. Bxf5 gxf5 38. Qe5 Bc4+ 39. Ke1 Kf8 40. Nxh7+ Ke7 41. Qf6+ Ke8 42. Qh8+ Kd7 43. Nf6+ Kc7 44. Qf8 1-0


[Site "https://www.chess.com"]

[Event "Titled Tuesday Blitz July 20 2021"]
[White "Coto Mederos, Michel"]
[Black "Jobava, Baadur"]
[WhiteFideId "3508528"]
[BlackFideId "13601520"]
[WhiteElo "2427"]
[BlackElo "2748"]
[Result "0-1"]
[Round "03"]
[TimeControl "180+1"]
[Date "2021.07.21"]
[WhiteClock "0:00:01"]
[BlackClock "0:01:02"]

1. c4 c6 2. d4 d5 3. Nf3 Nf6 4. Nc3 dxc4 5. a4 a5 6. e3 Bg4 7. Bxc4 e6 8. O-O Bb4 9. h3 Bh5 10. Qe2 Nbd7 11. Rd1 O-O 12. e4 Re8 13. Bg5 h6 14. Bf4 Qb6 15. Qe3 e5 16. Bxh6 gxh6 17. Qxh6 Bxf3 18. gxf3 Bf8 19. Qg6+ Kh8 20. Bxf7 exd4 21. Ne2 Bg7 22. Rxd4 Ne5 23. Bxe8 Nxg6 24. Bxg6 Qxb2 25. Re1 Nd5 26. Rdd1 Bc3 27. Nxc3 Nxc3 28. Rd3 Rg8 29. Rd6 Ne2+ 30. Kh1 Nf4 31. Bf5 Qxf2 0-1


[Site "https://www.chess.com"]

[Event "Titled Tuesday Blitz July 20 2021"]
[White "Czerw, Dawid"]
[Black "Timofeev, Artyom"]
[WhiteFideId "1145746"]
[BlackFideId "4140419"]
[WhiteElo "2075"]
[BlackElo "2582"]
[Result "0-1"]
[Round "03"]
[TimeControl "180+1"]
[Date "2021.07.21"]
[WhiteClock "0:00:03"]
[BlackClock "0:00:48"]

1. d4 Nf6 2. c4 b6 3. f3 d5 4. cxd5 Nxd5 5. e4 Nf6 6. Bb5+ c6 7. Bc4 e6 8. Be3 Be7 9. Ne2 O-O 10. O-O Bb7 11. Nbc3 Nbd7 12. a4 c5 13. a5 cxd4 14. Nxd4 bxa5 15. Ndb5 Bb4 16. Qe2 a6 17. Nd4 Ne5 18. Bb3 Qe7 19. h3 Rfd8 20. Rfd1 h6 21. Na4 Nfd7 22. f4 Nc6 23. Nxc6 Bxc6 24. e5 Bb5 25. Qf3 Nf8 26. Nb6 Rxd1+ 27. Rxd1 Rd8 28. Kh2 Rxd1 29. Qxd1 Ng6 30. Nc4 a4 31. Ba2 Bc5 32. Bxc5 Qxc5 33. Nd6 Nxf4 34. Nxb5 axb5 35. Bb1 Nd5 36. Qe1 Qe3 37. Qa5 Qxe5+ 0-1


[Site "https://www.chess.com"]

[Event "Titled Tuesday Blitz July 20 2021"]
[White "Dang, Hoang Son"]
[Black "Locci, Damiano"]
[WhiteFideId "12402435"]
[BlackFideId "819751"]
[WhiteElo "2248"]
[BlackElo "2421"]
[Result "0-1"]
[Round "03"]
[TimeControl "180+1"]
[Date "2021.07.21"]
[WhiteClock "0:00:31"]
[BlackClock "0:00:02"]

1. d4 d5 2. c4 Nc6 3. Nf3 Bg4 4. e3 e5 5. Be2 e4 6. Ne5 Bxe2 7. Nxc6 Bxd1 8. Nxd8 Rxd8 9. Kxd1 dxc4 10. Nd2 c5 11. dxc5 Nf6 12. Ke2 c3 13. bxc3 Bxc5 14. Nb3 Bb6 15. Ba3 Rd3 16. Rac1 Kd7 17. c4 Kc8 18. c5 Bc7 19. Bb2 Rhd8 20. Rc4 Ba5 21. Bxf6 Rd2+ 22. Nxd2 Rxd2+ 23. Ke1 gxf6 24. Rxe4 Rd4+ 25. Ke2 Rxe4 26. Rd1 Re7 27. Rd5 Bc7 28. Rh5 Kd7 29. Rxh7 Kc6 30. Rh5 Re5 31. Rh6 Re6 32. Rh7 Re7 33. h4 Kxc5 34. h5 f5 35. Rg7 Be5 36. Rg5 Kd6 37. Rxf5 Ke6 38. g4 Bf6 39. f4 Rd7 40. Kf3 Rc7 41. h6 Rc3 42. Rh5 Bd4 43. Ke4 Bb6 44. h7 Rxe3# 0-1


[Site "https://www.chess.com"]

[Event "Titled Tuesday Blitz July 20 2021"]
[White "Dardha, Daniel"]
[Black "Atanasov, Anthony"]
[WhiteFideId "240990"]
[BlackFideId "2623897"]
[WhiteElo "2489"]
[BlackElo "1889"]
[Result "1-0"]
[Round "03"]
[TimeControl "180+1"]
[Date "2021.07.20"]
[WhiteClock "0:01:08"]
[BlackClock "0:00:04"]

1. d4 Nf6 2. c4 g6 3. Nc3 d5 4. Qb3 dxc4 5. Qxc4 Bg7 6. e4 O-O 7. Be2 a6 8. Bf4 b5 9. Qxc7 b4 10. Qxd8 Rxd8 11. Na4 Nc6 12. Nb6 Nxd4 13. Rc1 b3 14. axb3 Nxe4 15. Nxa8 Nxb3 16. Rd1 Nd4 17. Nf3 Bb7 18. Nb6 Nc2+ 19. Kf1 Re8 20. Bd3 Nb4 21. Bxe4 Bxe4 22. Bd2 Bd3+ 23. Kg1 Nc2 24. Bc3 e5 25. Rxd3 e4 26. Rd1 Bxc3 27. bxc3 exf3 28. gxf3 Ne1 29. Rxe1 Rxe1+ 30. Kg2 Re6 31. Nd5 Rd6 32. c4 Kg7 33. Ra1 Rc6 34. Ra4 Rc5 35. f4 f5 36. Kf3 h5 37. Ke3 a5 38. Kd4 Rc8 39. Rxa5 h4 40. Ra7+ Kh6 41. Nf6 Rh8 42. Rh7+ Rxh7 43. Nxh7 h3 44. Ke5 Kh5 45. c5 Kg4 46. Ng5 Kh5 47. c6 Kh4 48. c7 Kh5 49. c8=Q Kg4 50. Qc3 1-0


[Site "https://www.chess.com"]

[Event "Titled Tuesday Blitz July 20 2021"]
[White "De Silva, L M S T"]
[Black "Guimaraes, Wagner Peixoto"]
[WhiteFideId "9953698"]
[BlackFideId "2100940"]
[WhiteElo "1621"]
[BlackElo "2245"]
[Result "1-0"]
[Round "03"]
[TimeControl "180+1"]
[Date "2021.07.21"]
[WhiteClock "0:02:20"]
[BlackClock "0:00:31"]

1. Nf3 Nf6 2. b3 g6 3. Bb2 Bg7 4. c4 O-O 5. e3 c6 6. Be2 d5 7. O-O Bg4 8. d4 Bxf3 9. Bxf3 e6 10. Nd2 Nbd7 11. e4 dxe4 12. Nxe4 Nxe4 13. Bxe4 c5 14. Bxb7 Rb8 15. Bf3 cxd4 16. Bxd4 Ne5 17. Bxa7 Nxf3+ 18. Qxf3 Ra8 19. Rad1 Qa5 20. Bd4 Bxd4 21. Rxd4 Qxa2 22. b4 Qb2 23. Rh4 Qxb4 24. Qh3 Ra3 25. f3 h5 26. g4 Qc5+ 27. Kh1 Qxc4 28. gxh5 g5 29. Rxc4 1-0


[Site "https://www.chess.com"]

[Event "Titled Tuesday Blitz July 20 2021"]
[White "Dixit, Arun"]
[Black "Belyakov, Bogdan"]
[WhiteFideId "30937671"]
[BlackFideId "24104795"]
[WhiteElo "2378"]
[BlackElo "2407"]
[Result "0-1"]
[Round "03"]
[TimeControl "180+1"]
[Date "2021.07.21"]
[WhiteClock "0:00:38"]
[BlackClock "0:01:06"]

1. d4 Nf6 2. c4 g6 3. Nc3 Bg7 4. g3 O-O 5. Bg2 d6 6. Nf3 Nc6 7. O-O a6 8. e4 Bg4 9. h3 Bxf3 10. Bxf3 e5 11. d5 Nd4 12. Bg2 c5 13. dxc6 bxc6 14. c5 dxc5 15. Be3 Nd7 16. Rc1 Re8 17. Na4 Bf8 18. f4 exf4 19. gxf4 Rb8 20. e5 Rb4 21. a3 Rxa4 22. Qxa4 Ne2+ 23. Kh2 Nxc1 24. Rxc1 Qb8 25. Bxc6 Rxe5 26. fxe5 Nxe5 27. Bf4 Bd6 28. Qc2 Nxc6 29. Bxd6 Qxd6+ 30. Kh1 Nd4 31. Qxc5 Qf4 32. Rg1 Qf3+ 33. Rg2 Qxh3+ 34. Kg1 Qe3+ 35. Kh1 Qe1+ 36. Rg1 Qh4+ 37. Kg2 Qg4+ 38. Kf2 Qf3+ 39. Ke1 Qe2# 0-1


[Site "https://www.chess.com"]

[Event "Titled Tuesday Blitz July 20 2021"]
[White "Fisabilillah, Ummi"]
[Black "Mohammad Fahad, Rahman"]
[WhiteFideId "7104804"]
[BlackFideId "10207791"]
[WhiteElo "2091"]
[BlackElo "2323"]
[Result "1-0"]
[Round "03"]
[TimeControl "180+1"]
[Date "2021.07.21"]
[WhiteClock "0:00:06"]
[BlackClock "0:00:04"]

1. d4 Nf6 2. c4 e6 3. Nf3 d5 4. cxd5 exd5 5. Nc3 a6 6. Qc2 Be6 7. Bg5 Nbd7 8. e3 Bd6 9. Bd3 h6 10. Bh4 O-O 11. O-O c5 12. dxc5 Nxc5 13. Bf5 Rc8 14. Nd4 Be7 15. Qe2 Qd7 16. Nxe6 fxe6 17. Bh3 Nfe4 18. Nxe4 Bxh4 19. Nxc5 Rxc5 20. Qg4 Bf6 21. Rab1 Rc6 22. Rfd1 Qd6 23. g3 Qe5 24. Bf1 Bg5 25. Qe2 Qe4 26. Bg2 Qf5 27. f4 Bd8 28. e4 dxe4 29. Bxe4 Qc5+ 30. Kg2 Rd6 31. Bxb7 Bf6 32. Rxd6 Qxd6 33. Rd1 Qb6 34. Bf3 Re8 35. b3 e5 36. Qc4+ Kh8 37. fxe5 Bxe5 38. Qf7 Qb8 39. Rd7 Qc8 40. Rd2 Rf8 41. Qd5 Bf6 42. Qe4 Qc3 43. Rc2 Qa1 44. Qd3 Bg5 45. Re2 Bd8 46. Qe4 Qf6 47. h4 Bb6 48. Qg4 Qf7 49. Qe4 Qf6 50. Qg4 Qc3 51. Qe4 Qc5 52. h5 Qg1+ 53. Kh3 Qf1+ 54. Bg2 Qc1 55. Qg6 Qc8+ 56. Qg4 Qe8 57. Rxe8 Rxe8 58. Qg6 Rb8 59. Qd6 Rb7 60. Bxb7 1-0


[Site "https://www.chess.com"]

[Event "Titled Tuesday Blitz July 20 2021"]
[White "Florescu, Codrut-Constantin"]
[Black "Semenova, Elena"]
[WhiteFideId "1202200"]
[BlackFideId "24125148"]
[WhiteElo "2243"]
[BlackElo "2075"]
[Result "1-0"]
[Round "03"]
[TimeControl "180+1"]
[Date "2021.07.21"]
[WhiteClock "0:00:17"]
[BlackClock "0:00:13"]

1. d4 Nf6 2. c4 e6 3. Nf3 Bb4+ 4. Nbd2 d5 5. e3 O-O 6. Qc2 b6 7. cxd5 exd5 8. Bd3 c5 9. O-O c4 10. Be2 Bg4 11. a3 Bd6 12. e4 dxe4 13. Nxe4 b5 14. Bg5 Be7 15. a4 Nc6 16. Nxf6+ Bxf6 17. Bxf6 Qxf6 18. axb5 Bxf3 19. bxc6 Bxc6 20. Bxc4 Rac8 21. Qd3 Be4 22. Bxf7+ Rxf7 23. Qxe4 Rd8 24. Rad1 Rfd7 25. d5 Qf7 26. g3 Rxd5 27. Rxd5 Qxd5 28. Qh4 Rb8 29. b4 Qd6 30. Rb1 h6 31. Qc4+ Kh8 32. Kg2 Rb6 33. h4 g6 34. Qf4 Qxf4 35. gxf4 Kg7 36. Kf3 Kf6 37. Ke4 Ke6 38. h5 gxh5 39. f5+ Kf6 40. b5 Rb7 41. Kf4 Rb6 42. Rb4 Rb8 43. f3 h4 44. Ra4 h3 45. Ra6+ Ke7 46. Rxa7+ Kf6 47. Rh7 Rxb5 48. Rxh6+ Kg7 49. Rxh3 Kf6 50. Rh6+ Kg7 51. Kg5 Kf7 52. Rh7+ Kg8 53. Rd7 Rb6 54. f6 Rb1 55. Kg6 Rg1+ 56. Kf5 Rf1 57. f4 Re1 58. f7+ Kf8 59. Kf6 Re7 60. Rd8+ Re8 61. Rxe8# 1-0


[Site "https://www.chess.com"]

[Event "Titled Tuesday Blitz July 20 2021"]
[White "Garcia Ramos, Daniel"]
[Black "Gabrielian, Artur"]
[WhiteFideId "32010311"]
[BlackFideId "4131002"]
[WhiteElo "2321"]
[BlackElo "2523"]
[Result "1-0"]
[Round "03"]
[TimeControl "180+1"]
[Date "2021.07.20"]
[WhiteClock "0:00:05"]
[BlackClock "0:00:03"]

1. c4 Nf6 2. Nf3 g6 3. g3 Bg7 4. Bg2 O-O 5. O-O d6 6. Nc3 e5 7. d4 Nbd7 8. Qc2 exd4 9. Nxd4 Nb6 10. b3 Re8 11. Rd1 Qe7 12. Bf4 h5 13. Rac1 h4 14. Nd5 Nfxd5 15. cxd5 Bg4 16. Qxc7 Qxc7 17. Rxc7 Bxd4 18. Rxd4 Rxe2 19. h3 Bf5 20. g4 Rc8 21. Bxd6 Rxc7 22. Bxc7 Bd7 23. a4 Re1+ 24. Kh2 Rb1 25. a5 Nc8 26. b4 Rb2 27. g5 Rxf2 28. Be5 Rc2 29. Rxh4 Kf8 30. Bf6 Ne7 31. d6 Ng8 32. Bd4 Bc6 33. Rg4 a6 34. Bc5 Ke8 35. Kg1 Rc1+ 36. Kf2 Rc2+ 37. Kf1 Rc1+ 38. Kf2 Rc2+ 39. Kg1 Rc1+ 40. Bf1 f5 41. Rf4 Bb5 42. h4 Kd7 43. Kg2 Rc2+ 44. Kg3 Rc3+ 45. Kf2 Rc2+ 46. Ke3 Bxf1 47. Rxf1 Ke6 48. Kd4 Rd2+ 49. Kc4 Rc2+ 50. Kd3 Rh2 51. Rf4 Kd7 52. Kd4 Rd2+ 53. Kc4 Rc2+ 54. Kd3 Rh2 55. Rd4 Rh3+ 56. Kc4 Rh1 57. Kd5 Rh2 58. Rc4 Rd2+ 59. Bd4 f4 60. Rc7+ Ke8 61. Rxb7 f3 62. d7+ Ke7 63. d8=Q+ Kxd8 64. Rf7 Ne7+ 65. Kc4 Nf5 66. Bb6+ Ke8 67. Rf6 f2 68. Bxf2 Rxf2 69. h5 Nd6+ 70. Kd5 Rxf6 71. gxf6 gxh5 72. Kxd6 h4 73. b5 h3 74. b6 h2 75. b7 h1=Q 76. b8=Q+ Kf7 77. Qd8 Qd1+ 78. Kc7 Qc2+ 79. Kb7 Qb3+ 80. Kxa6 Qc4+ 81. Kb7 Qe4+ 82. Kb6 Qe3+ 83. Ka6 Qe2+ 84. Ka7 Qe3+ 85. Qb6 Qe1 86. a6 Qf1 87. Qc6 Qf2+ 88. Ka8 Qd4 89. a7 Qd8+ 90. Kb7 Qd3 91. a8=Q Qb3+ 92. Kc7 Qg3+ 93. Qd6 Qc3+ 94. Qac6 Qa5+ 95. Kd7 Qa7+ 96. Qcc7 Qa4+ 97. Kd8+ Kg6 98. Qg7+ Kf5 99. Qd5+ Kf4 100. Qgg5# 1-0


[Site "https://www.chess.com"]

[Event "Titled Tuesday Blitz July 20 2021"]
[White "Gelman, Alexander"]
[Black "Khusnutdinov, Rustam"]
[WhiteFideId "4118316"]
[BlackFideId "13701703"]
[WhiteElo "2375"]
[BlackElo "2571"]
[Result "0-1"]
[Round "03"]
[TimeControl "180+1"]
[Date "2021.07.20"]
[WhiteClock "0:00:01"]
[BlackClock "0:00:08"]

1. d4 d5 2. Nc3 Bf5 3. Bf4 e6 4. f3 c5 5. e4 Bg6 6. exd5 a6 7. dxc5 Bxc5 8. dxe6 Qxd1+ 9. Rxd1 fxe6 10. Bc4 Nc6 11. Nge2 e5 12. Bg5 h6 13. Bh4 Nb4 14. Nd5 Nxc2+ 15. Kd2 Rc8 16. Rc1 Ne7 17. Bxe7 Bxe7 18. Bb3 Bg5+ 19. f4 exf4 20. Bxc2 f3+ 21. Nef4 Bxc2 22. Rxc2 Rd8 23. Kc3 O-O 24. g3 Rfe8 25. Rf1 Re5 26. Rd2 Bxf4 27. Nxf4 Rc5+ 28. Kb4 Rb5+ 29. Kc3 Rc5+ 30. Kb4 Rxd2 31. Kxc5 Rc2+ 32. Kd6 f2 33. b4 Rxa2 34. Kc7 b5 35. Nd3 Rd2 36. Nxf2 Rb2 37. Nd3 Rxh2 38. Ra1 Rh3 39. Rxa6 Rxg3 40. Ne5 h5 41. Rb6 h4 42. Rxb5 h3 43. Nd7 Rc3+ 44. Kb6 h2 45. Rh5 Rc2 0-1


[Site "https://www.chess.com"]

[Event "Titled Tuesday Blitz July 20 2021"]
[White "Gogolev, Artem"]
[Black "Batsuren, Dambasuren"]
[WhiteFideId "4116615"]
[BlackFideId "4902920"]
[WhiteElo "2191"]
[BlackElo "2371"]
[Result "0-1"]
[Round "03"]
[TimeControl "180+1"]
[Date "2021.07.21"]
[WhiteClock "0:00:01"]
[BlackClock "0:01:22"]

1. d4 Nf6 2. c4 c5 3. d5 e6 4. g3 exd5 5. cxd5 d6 6. Bg2 g6 7. Nf3 Bg7 8. O-O O-O 9. Nc3 Re8 10. Nd2 a6 11. a4 Nbd7 12. Nc4 Ne5 13. Nxe5 Rxe5 14. Bf4 Re8 15. Qb3 Rb8 16. a5 b5 17. axb6 Rxb6 18. Qa3 Ng4 19. Rfe1 Bd4 20. e3 Bg7 21. h3 Ne5 22. Bxe5 Bxe5 23. Rab1 Bd7 24. b4 cxb4 25. Rxb4 Rxb4 26. Qxb4 a5 27. Qa3 Qc7 28. Rc1 Rb8 29. Bf1 Qd8 30. Ne4 Bb2 31. Qxd6 Bxc1 32. Nf6+ Kg7 33. Nxd7 Rb7 34. Qe5+ f6 35. Qc3 Rxd7 36. Qxc1 Rxd5 37. Qb2 Qd7 38. Kg2 Rd2 39. Qb6 a4 40. Be2 Rxe2 41. Qa5 Rc2 0-1


[Site "https://www.chess.com"]

[Event "Titled Tuesday Blitz July 20 2021"]
[White "Goltsev, Dmitry"]
[Black "Chen, Max"]
[WhiteFideId "24176710"]
[BlackFideId "2622440"]
[WhiteElo "2366"]
[BlackElo "2421"]
[Result "1-0"]
[Round "03"]
[TimeControl "180+1"]
[Date "2021.07.21"]
[WhiteClock "0:02:02"]
[BlackClock "0:00:20"]

1. e4 c5 2. Nf3 d6 3. d4 cxd4 4. Nxd4 Nf6 5. Nc3 a6 6. a4 e5 7. Nb3 Be6 8. Be2 Be7 9. O-O O-O 10. f4 Nc6 11. f5 Bxb3 12. cxb3 Nd4 13. Bc4 b5 14. Bd3 b4 15. Ne2 Nxe2+ 16. Qxe2 d5 17. exd5 Qxd5 18. Bxa6 Bc5+ 19. Kh1 Rfd8 20. Bc4 Qe4 21. Bg5 Qxe2 22. Bxe2 Bd4 23. a5 Rdc8 24. a6 Ne4 25. Bh4 Bxb2 26. Ra2 Bd4 27. Bf3 Nc3 28. Bxa8 Nxa2 29. Bb7 Rc1 30. Rxc1 Nxc1 31. f6 Nxb3 32. fxg7 Na5 33. Be4 b3 34. Bf6 b2 35. Bxe5 1-0


[Site "https://www.chess.com"]

[Event "Titled Tuesday Blitz July 20 2021"]
[White "Golubev, Mikhail"]
[Black "Chigaev, Maksim"]
[WhiteFideId "14100983"]
[BlackFideId "4108116"]
[WhiteElo "2374"]
[BlackElo "2646"]
[Result "0-1"]
[Round "03"]
[TimeControl "180+1"]
[Date "2021.07.21"]
[WhiteClock "0:00:01"]
[BlackClock "0:00:06"]

1. e4 e5 2. Nf3 Nf6 3. Nc3 Nc6 4. d4 exd4 5. Nxd4 Nxe4 6. Nxe4 Qe7 7. f3 d5 8. Bb5 Bd7 9. Bxc6 bxc6 10. O-O dxe4 11. Re1 O-O-O 12. Rxe4 Qf6 13. Qe2 c5 14. Bg5 Qb6 15. Bxd8 cxd4 16. Be7 d3+ 17. Qe3 Qxb2 18. Re1 dxc2 19. Qxa7 Bc6 20. Bxf8 Bxe4 21. fxe4 c1=Q 22. Qa8+ Kd7 23. Qd5+ Kc8 24. Qa8+ Qb8 25. Qxb8+ Kxb8 26. Rxc1 Rxf8 27. Kf2 Kb7 28. Ke3 Ra8 29. Rc2 Ra4 30. Rd2 Kc6 31. Rc2+ Kd7 32. Rd2+ Kc8 33. Rf2 f6 34. Rd2 c6 35. g4 Kc7 36. Kf4 Ra5 37. Kf3 g5 38. Ke3 Ra3+ 39. Kd4 Kd6 40. Rf2 Ra4+ 41. Kd3 Ke6 42. Ke3 Ra3+ 43. Kd4 Ra5 44. Ke3 c5 45. Kd3 Ra4 0-1


[Site "https://www.chess.com"]

[Event "Titled Tuesday Blitz July 20 2021"]
[White "Grochal, Joey"]
[Black "Woodward, Andy"]
[WhiteFideId "1019945"]
[BlackFideId "30953499"]
[WhiteElo "2265"]
[BlackElo "2137"]
[Result "1-0"]
[Round "03"]
[TimeControl "180+1"]
[Date "2021.07.21"]
[WhiteClock "0:00:47"]
[BlackClock "0:00:19"]

1. d4 d5 2. c4 c6 3. Nf3 Nf6 4. Nc3 e6 5. Bg5 Nbd7 6. e3 Qa5 7. Nd2 dxc4 8. Bxf6 Nxf6 9. Nxc4 Qc7 10. Be2 Be7 11. O-O O-O 12. Bf3 Rd8 13. Rc1 Bd7 14. Qe2 Rac8 15. Rfd1 Be8 16. e4 b5 17. Ne5 Qb6 18. Qe3 a6 19. Nb1 Bd6 20. Nd3 Bb8 21. Nc5 Nd7 22. Nd2 Nxc5 23. Rxc5 Qc7 24. e5 Ba7 25. Nb3 Bxc5 26. Nxc5 Qa5 27. a3 Qb6 28. h4 a5 29. h5 h6 30. Rc1 a4 31. Be4 b4 32. Bb1 bxa3 33. bxa3 Qb2 34. Rd1 Rd5 35. Qe4 Rcd8 36. Qh7+ Kf8 37. Qh8+ Ke7 38. Qxg7 Rxd4 39. Qf6+ Kf8 40. Qxh6+ Ke7 41. Qf6+ Kf8 42. Nxe6+ Kg8 43. Qg7# 1-0


[Site "https://www.chess.com"]

[Event "Titled Tuesday Blitz July 20 2021"]
[White "Gubajdullin, Alexei"]
[Black "Jarovinsky, Alexey"]
[WhiteFideId "4141202"]
[BlackFideId "14115131"]
[WhiteElo "2403"]
[BlackElo "2446"]
[Result "0-1"]
[Round "03"]
[TimeControl "180+1"]
[Date "2021.07.21"]
[WhiteClock "0:00:01"]
[BlackClock "0:00:08"]

1. d4 Nc6 2. Bf4 d6 3. Nf3 Nf6 4. e3 Nh5 5. Bg5 h6 6. Bh4 g5 7. Nfd2 Ng7 8. Bg3 Nf5 9. Bd3 Bg7 10. c3 e6 11. Na3 Bd7 12. Nac4 Nce7 13. e4 Nxg3 14. hxg3 b5 15. Ne3 c5 16. Nf3 cxd4 17. cxd4 Qb6 18. e5 dxe5 19. dxe5 Qa5+ 20. Kf1 Bc6 21. Ng4 O-O-O 22. Qc2 Kb8 23. Be4 Rc8 24. a4 bxa4 25. Kg1 Qb4 26. Bxc6 Rxc6 27. Qe2 Qxg4 28. Qb5+ Rb6 29. Qd7 Qb4 30. Rxa4 Qb5 31. Qxa7+ Kc8 32. Nd4 Qc5 33. Qa8+ Rb8 34. Qa6+ Kd8 35. Rc4 Qd5 36. Kh2 Ra8 37. Qb6+ Ke8 38. Rhc1 Bxe5 39. Nb5 Kf8 40. R4c2 Kg7 41. Qe3 Bf6 42. Nc3 Qe5 43. Qf3 Nf5 44. Ne4 Nd4 45. Qe3 Nxc2 46. Rxc2 Ra4 0-1


[Site "https://www.chess.com"]

[Event "Titled Tuesday Blitz July 20 2021"]
[White "Guliev, Logman"]
[Black "Ahmadzada, Ahmad"]
[WhiteFideId "13400061"]
[BlackFideId "13413007"]
[WhiteElo "2128"]
[BlackElo "2226"]
[Result "0-1"]
[Round "03"]
[TimeControl "180+1"]
[Date "2021.07.21"]
[WhiteClock "0:00:23"]
[BlackClock "0:01:21"]

1. e4 d5 2. exd5 Qxd5 3. Nc3 Qd8 4. d4 Nf6 5. Nf3 Bg4 6. Be2 e6 7. O-O Be7 8. h3 Bxf3 9. Bxf3 c6 10. Re1 O-O 11. Bg5 Nbd7 12. Qe2 Nb6 13. Rad1 Nfd5 14. Bxe7 Qxe7 15. Nxd5 cxd5 16. c3 Qd7 17. Qd3 Nc4 18. Re2 b5 19. b3 Nd6 20. Rc2 Rac8 21. g4 Rc7 22. Kg2 Rfc8 23. Rdc1 a5 24. h4 Qe7 25. Kh3 Qf6 26. Qe3 b4 27. g5 Qf5+ 28. Bg4 Qe4 29. Qxe4 Nxe4 30. c4 dxc4 31. bxc4 Rd8 32. d5 exd5 33. cxd5 Nxf2+ 34. Kg3 Rxc2 35. Rxc2 Ne4+ 36. Kf4 Nc3 37. Bf3 Kf8 38. a3 Nxd5+ 39. Bxd5 Rxd5 40. axb4 axb4 41. Rc8+ Ke7 42. Rb8 Rd4+ 43. Ke5 Rxh4 44. Rb7+ Ke8 45. Rb8+ Kd7 46. Rb7+ Kc6 47. Rxf7 g6 48. Rf8 Kb5 49. Rb8+ Kc4 50. Rc8+ Kd3 51. Rb8 Kc3 52. Rc8+ Rc4 53. Rb8 b3 0-1


[Site "https://www.chess.com"]

[Event "Titled Tuesday Blitz July 20 2021"]
[White "Gurevich, Dmitry"]
[Black "Karthikeyan, Murali"]
[WhiteFideId "2000407"]
[BlackFideId "5074452"]
[WhiteElo "2506"]
[BlackElo "2564"]
[Result "0-1"]
[Round "03"]
[TimeControl "180+1"]
[Date "2021.07.20"]
[WhiteClock "0:01:06"]
[BlackClock "0:00:06"]

1. d4 Nf6 2. c4 e6 3. Nc3 Bb4 4. e3 O-O 5. Ne2 c6 6. a3 Ba5 7. b4 Bc7 8. g3 d5 9. c5 e5 10. Bg2 e4 11. O-O Bg4 12. h3 Bh5 13. Qc2 Nbd7 14. Nf4 Bf3 15. Bxf3 exf3 16. Qd1 Ne4 17. Bb2 Qf6 18. Re1 g5 19. Nh5 Qf5 20. g4 Qg6 21. Nxe4 Qxe4 22. Qb1 f5 23. Qxe4 fxe4 24. a4 a6 25. b5 axb5 26. axb5 cxb5 27. Bc3 Ra4 28. Reb1 b6 29. Rxb5 Rxa1+ 30. Bxa1 Ra8 31. Bc3 Ra3 32. Bb2 Rd3 33. Ng3 Rd1+ 34. Kh2 Rf1 35. cxb6 Rxf2+ 36. Kg1 Bxg3 37. Rxd5 Rxb2 0-1


[Site "https://www.chess.com"]